 Dungeon Sprint DCSS version 0.22-a0-567-gff9aefc (webtiles) character file.

125 galech the Ruffian (level 4, -6/53 HPs)
             Began as a Troll Monk on June 29, 2018.
             Killed from afar by a battlesphere (11 damage)
             ... created by a deep elf mage
             ... in the Dungeon (Sprint III: "The Ten Rune Challenge").
             The game lasted 00:00:56 (233 turns).

galech the Ruffian (Troll Monk)                      Turns: 233, Time: 00:00:57

Health: -6/53      AC:  7    Str: 19    XL:     4   Next: 82%
Magic:  3/3        EV: 12    Int:  6    God:
Gold:   38         SH:  0    Dex: 13    Spells: 3/3 levels left

rFire    . . .     SeeInvis .     - Unarmed
rCold    . . .     Gourm    +   (no shield)
rNeg     . . .     Faith    .   a - +0 robe
rPois    .         Spirit   .   (helmet restricted)
rElec    .         Reflect  .   (no cloak)
rCorr    .         Harm     .   (gloves unavailable)
MR       .....     NoTele   +   (boots unavailable)
Stlth    ++........             (no amulet)
HPRegen  0.57/turn              (no ring)
MPRegen  0.08/turn              (no ring)

@: no status effects
A: large, unfitting armour, antennae 1, claws 3, iridescent scales 1, fast
metabolism 3, gourmand, regeneration 1, robust 1, shaggy fur 1, tough skin 2
a: no special abilities


You were in the Dungeon.
You were very full.

You visited 1 branch You collected 38 gold pieces.

Inventory:

Armour
 a - a +0 robe (worn)
Scrolls
 h - a scroll of blinking
 j - 2 scrolls of immolation {unknown}
 k - a scroll of identify {unknown}
 l - a scroll of amnesia {unknown}
 n - 4 scrolls of remove curse
Potions
 c - a potion of curing
 d - a potion of heal wounds
 e - a potion of haste
 f - 2 potions of magic
 g - a potion of berserk rage
 m - 2 potions of flight
 o - a potion of lignification {unknown}
 p - 5 potions of mutation
Comestibles
 b - 4 rations
 i - 2 chunks of flesh


   Skills:
 + Level 4.7 Fighting
 + Level 5.0 Dodging
 + Level 1.8 Stealth
 + Level 6.5 Unarmed Combat


You had 3 spell levels left.
You didn't know any spells.
Your spell library was empty.

Dungeon Overview and Level Annotations

Branches:
Dungeon (1/1)

Altars:
Elyvilon
Zin
The Shining One


Innate Abilities, Weirdness & Mutations

You are too large for most types of armour.
You have claws for hands.
Your metabolism is lightning-fast.
You like to eat raw meat.
Your natural rate of healing is unusually fast.
You are covered in fur. (AC +1)
You have very tough skin. (AC +2)
You have a pair of small antennae on your head.
You are partially covered in iridescent scales. (AC +2)
You are robust. (+10% HP)


Message History

You are too injured to fight recklessly!
You are too injured to fight recklessly!
You are too injured to fight recklessly!
You are too injured to fight recklessly!
You are too injured to fight recklessly!
You are too injured to fight recklessly!
You are too injured to fight recklessly!
You are too injured to fight recklessly!
You miss the deep elf mage.
The deep elf mage is severely wounded.
The deep elf mage barely misses you.
You closely miss the deep elf mage. Your claw misses the deep elf mage.
The deep elf mage is severely wounded.
You barely miss the deep elf mage.
The deep elf mage is severely wounded.
The deep elf mage casts a spell at you. The orb of energy hits you!
* * * LOW HITPOINT WARNING * * *
The battlesphere fires!
The barrage of energy hits you!
You die...

▓▓▓▓▓▓▓ ▓▓▓ ..'...♣♣
♣.##### ..#....♣♣♣
♣.#___# ###......♣
♣.#e@*# ..#....≈♣♣♣
♣.###'#+###+#
..#...≈≈♣.♣♣♣.#..........
..#..≈≈≈≈♣♣...'.⌠........
#'#..≈≈≈≈≈≈...#...######+
÷.#.≈≈≈≈≈≈....#.⌠.#
).#.≈≈≈≈≈.....#...#
..#.≈≈≈.......#+###
###...........#


You could see a deep elf mage and a battlesphere.

Vanquished Creatures
  A water elemental (D)
  Jessica (D)
  A human (D)
  A wolf (D)
  An ooze (D)
  2 rats (D)
7 creatures vanquished.

Vanquished Creatures (others)
  2 draconian scorchers (D)
  5 hellions (D)
  2 plants (D)
9 creatures vanquished.

Grand Total: 16 creatures vanquished

Notes
Turn   | Place    | Note
-------+----------+-------------------------------------------
     0 | D        | galech the Troll Monk began the quest for the Orb.
     0 | D        | Reached XP level 1. HP: 22/22 MP: 0/0
    17 | D        | Noticed Jessica
    23 | D        | Killed Jessica
    23 | D        | Reached skill level 4 in Unarmed Combat
    23 | D        | Reached XP level 2. HP: 15/32 MP: 1/1
    23 | D        | Reached XP level 3. HP: 18/39 MP: 2/2
    56 | D        | Killed a hellion
    89 | D        | Reached skill level 5 in Unarmed Combat
   117 | D        | Killed a hellion
   118 | D        | Killed a hellion
   118 | D        | Killed a hellion
   169 | D        | Killed a white draconian scorcher
   175 | D        | Killed a white draconian scorcher
   187 | D        | Gained mutation: You are robust. (+10% HP) [potion of mutation]
   187 | D        | Gained mutation: You have a pair of small antennae on your head. [potion of mutation]
   187 | D        | Gained mutation: You are partially covered in iridescent scales. (AC +2) [potion of mutation]
   194 | D        | Killed a hellion
   211 | D        | Noticed a water elemental
   217 | D        | Killed a water elemental
   217 | D        | Reached skill level 5 in Dodging
   217 | D        | Reached skill level 6 in Unarmed Combat
   217 | D        | Reached XP level 4. HP: 53/53 MP: 3/3
   221 | D        | Found a glowing silver altar of Zin.
   221 | D        | Found a glowing golden altar of the Shining One.
   221 | D        | Found a white marble altar of Elyvilon.
   222 | D        | Noticed a deep elf mage
   233 | D        | Killed from afar by a battlesphere

Vault maps used:
D:        dungeon_sprint_mu

Skill      XL: |  1  2  3 |
---------------+----------+-----
Fighting       | 3 4 |  4.7
Dodging        | 3 5 |  5.0
Unarmed Combat | 4 6 |  6.5
Stealth        | |  1.8

Action                   |  1- 3 |  4- 6 || total
-------------------------+-------+-------++-------
Melee: Unarmed           |    30 |    10 ||    40
       Punch             |     1 |       ||     1
  Use: Potion            |     1 |       ||     1
 Stab: Sleeping          |     1 |       ||     1
  Eat: Chunk             |     7 |       ||     7
Armor: Robe              |     5 |       ||     5
Dodge: Dodged            |    15 |     3 ||    18

Table legend:
 A = Spawn XP
 B = Non-spawn XP
 C = Spawn XP percentage of total XP
 D = Spawn monster count
 E = Non-spawn monster count
 F = Spawn count percentage of total count
 G = Total turns spent on level
                    A         B        C        D         E        F      G
               +---------+---------+-------+---------+---------+-------+---------
         Total |       0 |     179 |   0.0 |       0 |       7 |   0.0 |   233
               +---------+---------+-------+---------+---------+-------+---------
             D |       0 |     179 |   0.0 |       0 |       7 |   0.0 |   233
               +---------+---------+-------+---------+---------+-------+---------
